 Dungeon Crawl Stone Soup version 0.28-a0-8-g6e044cfa68 (webtiles) character file.

Game seed: 12809507636281035903

46 Brandom the Chucker (level 3, -1/21 (23) HPs)
             Began as a Kobold Hunter on July 23, 2021.
             Slain by Crazy Yiuf (10 damage)
             ... on level 2 of the Dungeon.
             The game lasted 00:03:58 (1940 turns).

Brandom the Chucker (Kobold Hunter)                 Turns: 1940, Time: 00:03:58

HP:   -1/21 (23)    AC:  3    Str: 10    XL:     3   Next: 92%
MP:   3/3           EV: 14    Int: 12    God:
Gold: 94            SH:  4    Dex: 15    Spells: 2/2 levels left

rFire   . . .      SeeInvis .   a - +0 short sword
rCold   . . .      Faith    .   i - +0 buckler
rNeg    . . .      Spirit   .   b - +0 leather armour
rPois   .          Reflect  .   (no helmet)
rElec   .          Harm     .   (no cloak)
rCorr   .          Rampage  .   (no gloves)
Will    .....                   (no boots)
Stlth   +++.......              (no amulet)
HPRegen 0.07/turn               (no ring)
MPRegen 0.08/turn               (no ring)

@: drained
A: small, no large weapons, nightstalker 3
a: no special abilities


You were on level 2 of the Dungeon.
You visited 1 branch of the dungeon, and saw 2 of its levels.

You collected 94 gold pieces.

Inventory:

Hand Weapons
 a - a +0 short sword (weapon)
Missiles
 c - 10 boomerangs (quivered)
 d - 2 throwing nets {!f}
Armour
 b - a +0 leather armour (worn)
 i - a +0 buckler (worn)
   (You found it on level 1 of the Dungeon)
Scrolls
 e - a scroll of brand weapon {unknown}
 f - a scroll of vulnerability {unknown}
 g - a scroll of noise {unknown}
 h - 2 scrolls of teleportation {unknown}
Potions
 j - a potion of might {unknown}


   Skills:
 + Level 3.0 Fighting
 + Level 4.8 Throwing
 + Level 3.3 Dodging
 - Level 1.3 Stealth
 + Level 0.3 Shields


You had 2 spell levels left.
You didn't know any spells.
Your spell library was empty.

Dungeon Overview and Level Annotations

Branches:
Dungeon (2/15)

Altars:

Annotations:
D:2 Crazy Yiuf


Innate Abilities, Weirdness & Mutations

You are small and have problems with some larger weapons.
You are completely attuned to the shadows.


Message History

You closely miss the bat. You block the bat's attack.
The bat closely misses you. The bat barely misses you.
You block the bat's attack.
You hit the bat.
You kill the bat!
No target in view!
No target in view!
No target in view!
Found 16 gold pieces.
You now have 94 gold pieces (gained 16).
Found a mace.
Unknown command.
You see here a +0 mace.
Found a mace.
Found a mace.
You see here a +0 mace.
Found a mace.
Found a runed mace and two maces.
You open the door.
There is an open translucent door here.
You see here a +0 mace.
You see here a +0 mace.
The helpless Crazy Yiuf fails to defend himself.
You hit Crazy Yiuf.
Crazy Yiuf hits you with a +3 quarterstaff of chaos!
Ouch! That really hurt!
* * * LOW HITPOINT WARNING * * *
You feel drained.
* * * LOW HITPOINT WARNING * * *
You see here a +0 mace.
There is an open translucent door here.
Crazy Yiuf whimpers, "Lay!
Adder sing-song infinity."
Crazy Yiuf says, "Castle!"
You see here a +0 mace.
You see here a +0 mace.
A goblin comes into view.
It is wielding a +0 club and quivering curare-tipped darts.
Crazy Yiuf whimpers, "Snurf!"
Crazy Yiuf says, "Crazy?
Crazy!?
PORCUPINE!"
Crazy Yiuf twirls on the spot.
Crazy Yiuf cries, "Nubble ena hand!"
You see here a bat corpse.
Crazy Yiuf cries, "Flower!"
Crazy Yiuf yells, "Tonal ladder foot!"
Crazy Yiuf grits, "Rot seventy light!"
Crazy Yiuf waves his quarterstaff at you.
Crazy Yiuf screams, "Nubble high childish!"
Crazy Yiuf says, "Candle!
Spliff rumpyflump sing-song."
Crazy Yiuf grits, "Shower poople snail!"
Crazy Yiuf hits you with a +3 quarterstaff of chaos!
You die...

♣♣#..)# #.#.#
♣♣♣.')).# #†..#
♣).♣#)).# #.###
.♣♣♣##### #.# ♣♣
#.##### #.)....
### #.#####
#.#############.#
#...........g@..#
#.###############
#.# #.# ####.#
..†..# ####.#
####.# .....#


You could see Crazy Yiuf.

Vanquished Creatures
  An adder (D:2)
  2 dart slugs (D:1)
  4 endoplasms (D:1)
  A giant cockroach (D:1)
  2 goblins (D:1)
  A hobgoblin (D:1)
  A kobold (D:1)
  4 quokkas (D:1)
  7 ball pythons
  5 bats
  3 frilled lizards (D:1)
  A rat (D:1)
32 creatures vanquished.

Notes
Turn   | Place    | Note
-------+----------+-------------------------------------------
     0 | D:1      | Brandom the Kobold Hunter began the quest for the Orb.
     0 | D:1      | Reached XP level 1. HP: 12/12 MP: 1/1
   101 | D:1      | Reached XP level 2. HP: 8/18 MP: 2/2
   723 | D:1      | Reached XP level 3. HP: 20/22 MP: 3/3
  1878 | D:2      | Found a runed translucent door.
  1881 | D:2      | Noticed Crazy Yiuf
  1940 | D:2      | Slain by Crazy Yiuf

Illustrated notes

Levels and vault maps discovered:
D:1:      sevenhm_arrival_forest_fort_small_5, layout_basic,
          grunt_decor_resistance, st_stairs_13, grunt_decor_one_mirror,
          minmay_tall_x
D:2:      layout_loops_ring, basic_ecumenical_altar, uniq_terence,
          uniq_crazy_yiuf_cottage

Skill      XL: |  1  2  3 |
---------------+----------+-----
Dodging        | 3 |  3.3
Fighting       | 3 |  3.0
Throwing       | |  4.8
Stealth        | |  1.3
Shields        | |  0.3

Action                   || total
-------------------------++-------
Melee: Short sword       ||   127
Throw: Boomerang         ||     2
 Stab: Sleeping          ||     9
Armor: Leather armour    ||    27
Dodge: Dodged            ||    94
Block: Buckler           ||    14

Table legend: (Time is in decaauts)
 A = Elapsed time spent in this place.
 B = Non-inter-level travel time spent in this place.
 C = Inter-level travel time spent in this place.
 D = Time resting spent in this place.
 E = Time spent auto-exploring this place.
 F = Levels seen in this place.
 G = Mean time per level.
                   A        B        C        D        E       F      G
               +--------+--------+--------+--------+--------+-----+--------+
         Total |   1962 |   1895 |     67 |    150 |   1403 |   2 |  981.0 |
       Dungeon |   1962 |   1895 |     67 |    150 |   1403 |   2 |  981.0 |
               +--------+--------+--------+--------+--------+-----+--------+

Top non-repeatable levels by time:
     D:1: 1691 daAuts
     D:2: 271 daAuts
